 Dungeon Crawl Stone Soup version 0.27-a0-1359-ga2a4dfd6fd (webtiles) character file.

Game seed: 757105214599554154

137 ziltoidlt the Magician (level 5, 0/38 HPs)
             Began as a Djinni Summoner on June 28, 2021.
             Slain by an orc priest (5 damage)
             ... on level 3 of the Dungeon.
             The game lasted 00:20:43 (4937 turns).

ziltoidlt the Magician (Djinni Summoner)            Turns: 4937, Time: 00:20:43

Health: 0/38       AC:  2    Str:  7    XL:     5   Next: 43%
Gold:   23         EV: 12    Int: 18    God:
                   SH:  0    Dex: 13

rFire    + + .     SeeInvis .   c - +0 dagger
rCold    x . .     Faith    .   (no shield)
rNeg     . . .     Spirit   .   a - +0 robe
rPois    ∞         Reflect  .   (no helmet)
rElec    .         Harm     .   (no cloak)
rCorr    .         Rampage  .   (no gloves)
Will     .....                  (boots unavailable)
Stlth    ++........             (no amulet)
HPRegen  0.12/turn              (no ring)
MPRegen  0.00/turn              (no ring)

@: flying, very slightly contaminated
A: sickness immunity, fire resistance 2, cold vulnerability 1, float, innate
caster, hp casting, extra vitality 1
a: no special abilities


You were on level 3 of the Dungeon.
You visited 1 branch of the dungeon, and saw 4 of its levels.

You collected 133 gold pieces.
You spent 110 gold pieces at shops.

Inventory:

Hand Weapons
 c - a +0 dagger (weapon)
Missiles
 d - 76 stones
 n - 16 poisoned darts
Armour
 a - a +0 robe (worn)
 b - a +0 kite shield
 g - a +0 leather armour
Wands
 l - a wand of charming (2)
Scrolls
 f - a scroll of teleportation
 m - 2 scrolls of magic mapping
Potions
 e - a potion of attraction
 h - a potion of heal wounds
 i - 2 potions of curing
 j - a potion of degeneration {unknown}
 k - a potion of cancellation {unknown}
 o - a potion of mutation {unknown}


   Skills:
 * Level 2.1 Fighting
 + Level 1.5 Armour
 + Level 2.8 Dodging
 - Level 1.5 Stealth
 * Level 2.3 Shields
 - Level 3.2 Spellcasting
 + Level 1.6 Invocations


You couldn't memorise any spells.
You knew the following spells:

 Your Spells              Type           Power      Damage    Failure   Level
a - Summon Small Mammal   Summ           56%        N/A       4%          1
b - Call Imp              Summ           14%        N/A       6%          2
c - Call Canine Familiar  Summ           14%        N/A       12%         3
d - Summon Guardian Gole  Hex/Summ       14%        N/A       12%         3
e - Summon Lightning Spi  Summ/Air       14%        N/A       38%         4
f - Summon Ice Beast      Ice/Summ       14%        N/A       38%         4
g - Pain                  Necr           56%        1d6       4%          1
h - Searing Ray           Conj           28%        3d4       6%          2
Your spell library was empty.

Dungeon Overview and Level Annotations

Branches:
Dungeon (4/15)
 Temple: D:4-7

Altars:
Hepliaklqana
Xom

Shops:
D:1 *   D:3 (   D:4 !=


Innate Abilities, Weirdness & Mutations

You are immune to sickness and miasma.
You are immune to poison.
Your flesh is very heat resistant. (rF++)
You are vulnerable to cold. (rC-)
You float through the air rather than walking.
You learn spells naturally, not from books.
Your magical power is your life essence.
You have superior vitality. (+4 HP)


Message History

Your hound's corpse disappears in a puff of smoke!
The orc priest hits you with a +0 mace.
You hit the orc priest but do no damage.
Your quokka bites the black bear.
The orc priest hits you with a +0 mace! The black bear bites your quokka.
The black bear barely misses your quokka.
The black bear claws your quokka.
Your crimson imp blinks!
Your quokka barely misses the black bear.
The orc priest barely misses you.
The black bear bites your guardian golem.
The black bear claws your guardian golem but does no damage.
The black bear barely misses your guardian golem.
You fly upwards.
There is a stone staircase leading down here.
You feel much better.
The orc priest mumbles some strange prayers to Beogh against you.
Pain shoots through your body!
Aiming: Searing Ray (safe; 6% risk of failure)
Press: ? - help, Q - select action, (/) - cycle Shift-Dir - straight line, f - orc priest
Aim: an orc priest, wielding a +0 mace, wearing a +0 ring mail and wearing a +4 ring of protection (79% to hit)
The searing ray hits the orc priest.
The orc priest is moderately wounded. (Press . to maintain the ray.)
The orc priest invokes the aid of Beogh against you.
Beogh smites you!
* * * LOW HITPOINT WARNING * * *
The searing ray hits the orc priest.
The orc priest is heavily wounded.
* * * LOW HITPOINT WARNING * * *
The orc priest barely misses you.
The searing ray hits the orc priest but does no damage.
The orc priest is heavily wounded.
* * * LOW HITPOINT WARNING * * *
The orc priest barely misses you.
The searing ray hits the orc priest.
The orc priest is severely wounded.
* * * LOW HITPOINT WARNING * * *
You finish channeling your searing ray.
The orc priest hits you with a +0 mace.
You die...

..## #.# #..# #..## #..# .##
#.# #..######..# #..# .#
#.########..........# #..#
.#
#..............>....####..##
.#
###########.#######.........
.# #.# ##........ ## #.#
#.###..## #o# #.# #.... #@#
#.# #.##) #.# #.# #.##. #.#
#.# #.##. #.# #.# #.##. #.#
#.# #.##. #.# #.###.... #.#
#........ # #############.#
######### ####...).........#
#


You could see an orc priest.

Vanquished Creatures
  Jessica (D:3)
  An adder (D:4)
  2 orcs
  A ball python (D:4)
  A giant cockroach (D:3)
  2 goblins
  A jackal (D:1)
  2 kobolds (D:3)
  A bat (D:3)
  2 rats
14 creatures vanquished.

Vanquished Creatures (collateral kills)
  A necrophage (D:4)
  Ijyb (D:3)
  Terence (D:3)
  4 endoplasms
  A giant cockroach (D:2)
  7 goblins
  3 hobgoblins
  7 jackals
  6 kobolds
  4 ball pythons
  2 frilled lizards
  A rat (D:1)
38 creatures vanquished.

Grand Total: 52 creatures vanquished

Notes
Turn   | Place    | Note
-------+----------+-------------------------------------------
     0 | D:1      | ziltoidlt the Djinni Summoner began the quest for the Orb.
     0 | D:1      | Reached XP level 1. HP: 15/15 MP: 0/0
    89 | D:1      | Found Lany's General Store.
   395 | D:1      | Reached XP level 2. HP: 17/21 MP: 0/0
  1302 | D:1      | Found a faded altar of an unknown god.
  1567 | D:1      | Reached skill level 1 in Shields
  2243 | D:2      | Reached XP level 3. HP: 20/26 MP: 0/0
  2243 | D:2      | Learned a level 1 spell: Pain
  2826 | D:3      | Noticed Ijyb
  2894 | D:3      | Killed Ijyb
  2895 | D:3      | Reached skill level 1 in Fighting
  2895 | D:3      | Reached skill level 1 in Armour
  2895 | D:3      | Reached skill level 1 in Invocations
  3169 | D:3      | Noticed Jessica
  3174 | D:3      | Killed Jessica
  3175 | D:3      | Reached XP level 4. HP: 29/32 MP: 0/0
  3214 | D:3      | Found Avoun's Antique Weapon Emporium.
  3278 | D:3      | Found a hazy altar of Hepliaklqana.
  3320 | D:3      | Noticed Terence
  3339 | D:3      | Killed Terence
  4169 | D:3      | Found a shimmering altar of Xom.
  4238 | D:4      | Found Ciosket's Jewellery Boutique.
  4293 | D:4      | Noticed a necrophage
  4314 | D:4      | Noticed a black bear
  4316 | D:4      | Killed a necrophage
  4317 | D:4      | Reached XP level 5. HP: 23/38 MP: 0/0
  4317 | D:4      | Learned a level 2 spell: Searing Ray
  4568 | D:4      | Found Rukiror's Distillery.
  4583 | D:4      | Bought a potion of heal wounds for 55 gold pieces
  4583 | D:4      | Bought a potion of heal wounds for 55 gold pieces
  4937 | D:3      | Slain by an orc priest

Illustrated notes

Levels and vault maps discovered:
D:1:      lemuel_arrival_funnel, layout_basic, basic_ecumenical_altar,
          serial_shops, nicolae_shop_temple_entry_statues_fountains
D:2:      layout_basic, grunt_decor_resistance
D:3:      layout_loops_ring, nzn_hepliaklqana_mist_gate, tgw_xom, serial_shops,
          nicolae_shop_statue_plus, uniq_terence, uniq_jessica, uniq_ijyb
D:4:      layout_basic, serial_shops, nicolae_stop_n_shop_1,
          nicolae_diamond_shop, minivault_14

Skill      XL: |  1  2  3  4 |
---------------+-------------+-----
Shields        | 1 2 |  2.3
Fighting       | 1 2 |  2.1
Armour         | 1 |  1.5
Invocations    | 1 |  1.6
Dodging        | |  2.8
Stealth        | |  1.5
Spellcasting   | |  3.2

Action                   |  1- 3 |  4- 6 || total
-------------------------+-------+-------++-------
Melee: Unarmed           |     2 |       ||     2
       Dagger            |    36 |     2 ||    38
Throw: Dart              |       |     3 ||     3
 Cast: Summon Small Mamm |    23 |    15 ||    38
       Call Imp          |    39 |     9 ||    48
       Pain              |       |    22 ||    22
       Call Canine Famil |       |     1 ||     1
       Searing Ray       |       |     1 ||     1
       Summon Guardian G |       |     1 ||     1
  Use: Scroll            |       |     4 ||     4
       Potion            |       |     1 ||     1
Armor: Robe              |     6 |     1 ||     7
Dodge: Dodged            |    25 |     7 ||    32

Table legend: (Time is in decaauts)
 A = Elapsed time spent in this place.
 B = Non-inter-level travel time spent in this place.
 C = Inter-level travel time spent in this place.
 D = Time resting spent in this place.
 E = Time spent auto-exploring this place.
 F = Levels seen in this place.
 G = Mean time per level.
                   A        B        C        D        E       F      G
               +--------+--------+--------+--------+--------+-----+--------+
         Total |   4938 |   4713 |    225 |   1378 |   2790 |   4 | 1234.5 |
       Dungeon |   4938 |   4713 |    225 |   1378 |   2790 |   4 | 1234.5 |
               +--------+--------+--------+--------+--------+-----+--------+

Top non-repeatable levels by time:
     D:1: 1936 daAuts
     D:3: 1719 daAuts
     D:2: 885 daAuts
     D:4: 396 daAuts
